 Dungeon Crawl Stone Soup version 0.21.1-1-g345015f (console) character file.

31 Homage the Insei (level 3, 0/17 HPs)
             Began as a Vine Stalker Transmuter on Mar 23, 2018.
             Succumbed to an adder's poison
             ... on level 2 of the Dungeon.
             The game lasted 00:04:21 (1487 turns).

Homage the Insei (Vine Stalker Transmuter)          Turns: 1487, Time: 00:04:21

Health: 0/17       AC:  5    Str: 13    XL:     3   Next: 22%
Magic:  5/8        EV: 12    Int: 15    God:
Gold:   34         SH:  0    Dex: 14    Spells: 4/7 levels left

rFire    . . .     SeeInvis .     - Unarmed
rCold    . . .     Gourm    .   (no shield)
rNeg     . . .     Faith    .   a - +0 leather armour
rPois    .         Spirit   +   (no helmet)
rElec    .         Reflect  .   (no cloak)
rCorr    .         Harm     .   (no gloves)
MR       .....                  (no boots)
Stlth    ++........             (no amulet)
HPRegen  0.05/turn              (no ring)
MPRegen  0.11/turn              (no ring)

@: lethally poisoned (0 -> -13)
A: fangs 2, talons 1, icy blue scales 1, blurry vision 1, clever 1, magic
shield, antimagic bite, no potion heal 3, rot immunity
a: no special abilities


You were on level 2 of the Dungeon.
You were not hungry.

You visited 1 branch of the dungeon, and saw 2 of its levels.

You collected 34 gold pieces.


Innate Abilities, Weirdness & Mutations

You have extremely sharp teeth.
When hurt, damage is shared between your health and your magic reserves.
Your bite disrupts and absorbs the magic of your enemies.
Potions cannot restore your health.
You are immune to rotting.
You have sharp toenails.
You are partially covered in icy blue scales. (AC +2)
Scrolls take you a little longer to read.
Your mind is acute. (Int +2)


   Skills:
 - Level 0.8 Fighting
 - Level 1.5 Dodging
 - Level 3.0 Stealth
 - Level 3.0 Unarmed Combat
 + Level 2.8 Spellcasting
 - Level 2.0 Transmutations


You had 4 spell levels left.
You knew the following spells:

 Your Spells              Type           Power        Failure   Level  Hunger
a - Beastly Appendage     Tmut           #.....       12%         1    #......
Z - Sticks to Snakes      Tmut           #.......     17%         2    ##.....

Inventory:

Missiles
 b - 64 arrows
Armour
 a - a +0 leather armour (worn)
 f - a +0 plate armour
 j - a +0 scale mail
Scrolls
 e - a scroll of enchant weapon
 i - a scroll of amnesia {unknown}
 k - a scroll of blinking {unknown}
Books
 c - a book of Changes

   Spells                             Type                      Level
   a - Beastly Appendage              Transmutation                1
   b - Sticks to Snakes               Transmutation                2
   c - Spider Form                    Transmutation/Poison         3
   d - Ice Form                       Ice/Transmutation            4
   e - Blade Hands                    Transmutation                5
Comestibles
 d - a ration


Message History

You feel sick.
You feel sick. The adder bites you.
You are more poisoned.
The adder poisons you!
You feel sick.
You feel sick.
There is an open door here.
* * * LOW HITPOINT WARNING * * *
You feel sick. The adder bites you.
* * * LOW HITPOINT WARNING * * *
* * * LOW HITPOINT WARNING * * *
You feel sick.
The helpless goblin fails to defend itself.
You hit the goblin.
You kill the goblin!
* * * LOW HITPOINT WARNING * * *
You feel sick. The adder bites you but does no damage.
You hit the adder.
The adder is almost dead.
You die...

.##...#.##.# #####.####
#.# ##'## # ##...##
#.##.....## ## .#
###.#.......## #.#..#
.............####....##
............'.S@.....#
#.#....>....####...#.#
#.##.......## #.##
##.$...## ## ##%..##
##'## ..... ###.#.#
$..##


You could see an adder.

Vanquished Creatures
  A worm (D:2)
  A ball python (D:1)
  A giant cockroach (D:2)
  3 goblins (D:2)
  5 hobgoblins
  3 kobolds
  A quokka (D:2)
  4 bats
  2 frilled lizards (D:1)
  A leopard gecko zombie (D:2)
  2 quokka zombies (D:2)
  3 rats (D:1)
27 creatures vanquished.

Notes
Turn   | Place    | Note
-------+----------+-------------------------------------------
     0 | D:1      | Homage the Vine Stalker Transmuter began the quest for the Orb.
     0 | D:1      | Reached XP level 1. HP: 9/9 MP: 4/4
   154 | D:1      | Reached skill level 1 in Stealth
   544 | D:1      | Gained mutation: You are partially covered in icy blue scales. (AC +2) [potion of mutation]
   544 | D:1      | Gained mutation: Scrolls take you a little longer to read. [potion of mutation]
   544 | D:1      | Gained mutation: You have sharp toenails. [potion of mutation]
   544 | D:1      | Gained mutation: Your mind is acute. (Int +2) [potion of mutation]
   594 | D:1      | Reached XP level 2. HP: 14/14 MP: 6/6
   877 | D:1      | Learned a level 2 spell: Sticks to Snakes
  1123 | D:2      | Reached skill level 3 in Stealth
  1395 | D:2      | Reached XP level 3. HP: 17/17 MP: 7/7
  1483 | D:2      | HP: 3/17 [adder (1)]
  1486 | D:2      | HP: 1/17 [poisoned by an adder]
  1487 | D:2      | Succumbed to an adder's poison

Vault maps used:
D:1:      dpeg_arrival_connections
D:2:      serial_undead, serial_undead_d, serial_undead_f, serial_undead_d,
          serial_undead_e, serial_undead_c, uniq_terence

Action                   || total
-------------------------++-------
Melee: Unarmed           ||    87
       Bite              ||    12
       Kick              ||    17
       Punch             ||     2
       Headbutt          ||     1
 Cast: Beastly Appendage ||     3
  Use: Potion            ||     4
       Scroll            ||     2
 Stab: Sleeping          ||     4
  Eat: Chunk             ||     2
Armor: Leather armour    ||    25
       Robe              ||     2
Dodge: Dodged            ||    57
